Map: Orbital Shipyard

Players

Javert - Winner!

  • Race: Zerg Zerg
  • League: Grandmaster

denrei

  • Race: Zerg Zerg
  • League: Gold

VOD

Have the link to the VOD?

Description

Time

  • Played on: Sept. 26, 2015, 12:38 a.m.
  • Length: 13:07
Show
View Real Time Build Order
Export as new Build Order

Javert Zerg - Winner!

Build Orders: Pool First 

Get SALT Encoding   

  12  0:01  Drone  
  13  0:13  Overlord  
  13  0:19  Drone  
  14  0:32  Drone x2  
  16  0:36  Drone  
  17  0:46  Spawning Pool  
  17  0:48  Drone  
  17  0:57  Drone  
  18  1:14  Hatchery, Drone  
  18  1:16  Extractor  
  17  1:35  Roach Warren, Queen  
  18  1:41  Drone  
  18  1:44  Overlord  
  19  1:53  Drone  
  20  2:15  Roach x3  
  26  2:16  Queen  
  28  2:34  Drone x2  
  30  2:48  Drone x4  
  34  2:57  Baneling Nest  
  33  3:10  Drone x3  
  36  3:19  Drone  
  36  3:20  Drone  
  36  3:29  Overlord  
  36  3:39  Hatchery  
  35  3:46  Overlord x2  
  35  3:52  Drone x5  
  35  3:53  Drone  
  41  4:02  Overlord  
  41  4:10  Roach x3  
  41  4:13  Overlord  
  47  4:19  Roach  
  47  4:20  Roach  
  51  4:33  Lair, Evolution Chamber  
  50  4:42  Roach x3  
  56  4:50  Drone x2  
  56  4:51  Drone x3  
  61  5:00  Overlord  
  61  5:01  Extractor  
  61  5:07  Overlord  
  60  5:08  Drone x4  
  60  5:12  Extractor  
  63  5:21  Zerg Missile Weapons Level 1  
  63  5:23  Drone x6  
  69  5:34  Drone x2  
  69  5:35  Drone x3  
  74  5:39  Glial Reconstitution  
  74  5:45  Roach x3  
  74  5:46  Roach  
  82  5:52  Overlord  
  82  6:00  Queen  
  82  6:01  Overlord x2  
  84  6:10  Spore Crawler x2  
  82  6:12  Spore Crawler  
  82  6:14  Spore Crawler  
  80  6:20  Spore Crawler  
  80  6:21  Spore Crawler  
  80  6:25  Spore Crawler  
  76  6:27  Spore Crawler  
  76  6:31  Spore Crawler  
  76  6:32  Spore Crawler  
  72  6:36  Drone x4  
  72  6:37  Spore Crawler  
  66  6:52  Roach x5  
  76  7:09  Burrow  
  76  7:20  Roach  
  76  7:21  Roach x8  
  88  7:40  Extractor  
  88  7:42  Hydralisk Den  
  76  7:45  Spore Crawler  
  55  7:59  Roach  
  55  8:00  Roach x5  
  55  8:02  Overlord x2  
  55  8:04  Drone x4  
  67  8:13  Overlord  
  65  8:27  Roach x7  
  65  8:34  Drone x9  
  66  8:35  Drone x4  
  66  8:36  Roach x3  
  66  8:37  Roach  
  66  8:40  Roach x7  
  72  9:04  Roach  
  72  9:08  Hydralisk  
  72  9:09  Hydralisk x5  
  72  9:13  Extractor  
  72  9:14  Extractor  
  72  9:27  Hydralisk x2  
  74  10:02  Hydralisk x5  
  82  10:13  Drone x3  
  85  10:17  Overlord x5  
  85  10:23  Hydralisk x3  
  89  10:38  Overlord  
  89  10:39  Queen  
  91  10:48  Hydralisk x4  
  91  10:49  Hydralisk x2  
  101  10:58  Zergling x14  
  101  10:59  Roach x4, Zergling x8  
  112  11:08  Muscular Augments  
  112  11:14  Zergling x6  
  97  11:55  Hydralisk  
  97  11:57  Hydralisk x10  
  97  11:58  Hydralisk  
  97  12:03  Overlord  
  97  12:06  Drone x2  
  97  12:35  Overlord  
Show
View Real Time Build Order
Export as new Build Order

denrei Zerg 

Build Orders: Pool First 

Get SALT Encoding   

  12  0:00  Drone  
  13  0:08  Drone  
  14  0:17  Overlord  
  14  0:21  Extractor  
  14  0:23  Drone  
  14  0:36  Drone x2  
  16  0:47  Spawning Pool  
  15  0:58  Drone x2  
  17  1:06  Drone  
  18  1:18  Drone  
  19  1:33  Queen  
  19  1:34  Zergling x2  
  19  1:35  Metabolic Boost  
  22  1:40  Overlord  
  22  1:50  Baneling Nest, Zergling x2  
  22  1:59  Zergling x2  
  23  2:14  Zergling x2  
  24  2:21  Zergling x2  
  25  2:32  Zergling x2  
  25  2:35  Hatchery  
  25  2:47  Drone x2  
  25  2:50  Extractor  
  25  2:56  Drone x2  
  24  3:23  Lair  
  23  3:43  Drone  
  23  3:44  Drone x3  
  23  3:45  Drone x3  
  29  3:51  Queen  
  29  3:52  Drone  
  32  3:56  Hatchery  
  32  3:57  Drone x2  
  32  4:01  Drone  
  34  4:21  Spire  
  33  4:24  Extractor  
  33  4:25  Drone x3, Extractor  
  33  4:27  Drone x2  
  36  4:48  Overlord x2  
  36  4:57  Overlord  
  36  5:10  Drone x4  
  36  5:11  Drone x3  
  43  5:15  Overlord  
  43  5:33  Mutalisk x5  
  43  5:34  Mutalisk  
  43  5:35  Mutalisk  
  55  5:38  Mutalisk  
  59  5:51  Mutalisk x2  
  59  5:56  Drone x4  
  67  6:00  Drone x3  
  70  6:12  Mutalisk x2  
  70  6:14  Overlord x2  
  74  6:32  Mutalisk x2  
  74  6:45  Mutalisk  
  76  6:53  Drone x3  
  77  6:54  Drone x2  
  77  6:56  Queen  
  77  6:57  Drone x3  
  77  6:58  Zergling x2  
  81  7:03  Evolution Chamber x2  
  55  7:18  Drone x2  
  55  7:19  Drone x2  
  55  7:20  Drone x2  
  55  7:21  Drone x2  
  55  7:25  Drone x2  
  55  7:26  Drone x3  
  60  7:43  Drone x2  
  62  8:02  Zergling x4  
  62  8:05  Zergling x6  
  65  8:06  Zergling x2  
  68  8:25  Drone x4  
  68  8:26  Queen  
  70  8:47  Spine Crawler  
  69  8:56  Spine Crawler  
  65  9:06  Drone x3  
  62  9:15  Burrow  
  61  9:33  Drone  
  62  9:47  Spawning Pool  
  62  9:50  Hatchery  
  56  10:07  Drone x2  
  56  10:08  Drone  
  57  10:41  Hatchery  
  56  10:44  Baneling Nest, Extractor  
  56  10:45  Extractor  
  53  11:01  Zergling x8  
  53  11:02  Zergling x6  
  53  11:03  Zergling x2  
  61  11:16  Zergling x4  
  59  11:37  Zergling x4  
  59  11:38  Zergling x6  
  39  11:48  Zergling x10  
Tags
 
Add a new tag
Caveats
  • Supply blocks, unpowered buildings, or Contaminate may cause inaccurate times.
  • Supply counts are checked every 10 seconds.